 Dungeon Crawl Stone Soup version 0.30.0-29-ga12c61a403 (webtiles) character file.

Game seed: 4986098134853634298

15 7w4c the Shooter (level 2, -1/21 HPs)
             Began as a Human Wanderer on June 20, 2023.
             Slain by a hobgoblin (2 damage)
             ... on level 1 of the Dungeon.
             The game lasted 00:06:06 (384 turns).

7w4c the Shooter (Human Wanderer)                    Turns: 384, Time: 00:06:09

Health: -1/21      AC:  4    Str: 11    XL:     2   Next: 65%
Magic:  1/5        EV: 11    Int:  9    God:
Gold:   18         SH:  0    Dex: 16    Spells: 4/5 levels left

rFire   . . .        a - +2 sling (chaos)
rCold   . . .        (no shield)
rNeg    . . .        d - +0 leather armour
rPois   .            (no helmet)
rElec   .            b - +0 cloak
rCorr   .            (no gloves)
SInv    .            (no boots)
Will    .....        (no amulet)
Stlth   +            (no ring)
HPRegen 0.23/turn    (no ring)
MPRegen 0.09/turn

%: no passive effects
@: no status effects
A: no striking features
a: no special abilities


You were on level 1 of the Dungeon.
You visited 1 branch of the dungeon, and saw 1 of its levels.

You collected 18 gold pieces.

Inventory:

Hand Weapons
 a - a +2 sling of chaos (weapon)
 e - a +0 trident
Missiles
 h - 4 poisoned darts
Armour
 b - a +0 cloak (worn)
 d - a +0 leather armour (worn)
Scrolls
 c - 2 scrolls of fog
Potions
 f - a potion of haste {unknown}


   Skills:
 + Level 1.1 Fighting
 + Level 3.2 Ranged Weapons
 + Level 1.2 Dodging
 + Level 2.2 Spellcasting
 + Level 2.2 Earth Magic
 + Level 1.0 Evocations


You had 4 spell levels left.
You knew the following spells:

 Your Spells              Type           Power      Damage    Failure   Level
a - Sandblast             Erth           10%        2d5       17%         1

Your spell library contained the following spells:

 Spells                   Type           Power      Damage    Failure   Level
 Stone Arrow              Conj/Erth      6%         3d7       63%         3


Dungeon Overview and Level Annotations

Branches:
Dungeon (1/15)

Altars:


Message History

The jackal bites you but does no damage. x3
The hobgoblin closely misses you. The endoplasm freezes you.
You are frozen.
The jackal misses you.
Fire: a) +2 sling
Press: ? - help, Shift-Dir - straight line, f/p - jackal
Aim: a jackal (53% to hit)
You shoot a sling bullet. The sling bullet hits the jackal!
You kill the jackal!
The jackal closely misses you. The endoplasm freezes you.
You are frozen.
* * * LOW HITPOINT WARNING * * *
The hobgoblin hits you.
* * * LOW HITPOINT WARNING * * *
The jackal bites you but does no damage.
Your magical contamination has completely faded away.
As you read the scroll labelled PEVENG COTU, it crumbles to dust.
It is a scroll of brand weapon.
Your +2 sling erupts in a glittering mayhem of colour.
a - a +2 sling of chaos (weapon)
The endoplasm barely misses you. The hobgoblin barely misses you.
The jackal barely misses you. The endoplasm freezes you.
You are frozen.
* * * LOW HITPOINT WARNING * * *
The jackal barely misses you.
Fire: a) +2 sling (chaos)
Press: ? - help, Shift-Dir - straight line, f - jackal
Aim: a jackal (almost dead, 53% to hit)
You shoot a sling bullet.
The sling bullet hits the jackal but does no damage.
The jackal is poisoned.
The jackal is almost dead.
You kill the jackal!
The endoplasm freezes you.
You are frozen.
* * * LOW HITPOINT WARNING * * *
The hobgoblin hits you.
You die...

#..... #.. ..... #.. ##. #
....# #.# #.. .##.## ...# #.#
#.# .##.......# #.#
#.##.......#..#######..# #.#
#.#........†w.......#..# #.#
#.#.# #.##gJ# #.#..# #.# #.#.#
#...@(# #.#..#
..###.#.#####.##.## #.#..##
..................#####.#...##
#####.#....##..#.............#
#.####.##.#....#.........#
#...........#..#.........##
#####...#.###.......#...#.#
#..#.......##.....###..#
#....#.######......#.#†#


You could see a dart slug, an endoplasm and a hobgoblin.

Vanquished Creatures
  2 endoplasms (D:1)
  3 giant cockroaches (D:1)
  A goblin (D:1)
  4 jackals (D:1)
  A quokka (D:1)
  2 rats (D:1)
13 creatures vanquished.

Notes
Turn   | Place    | Note
-------+----------+-------------------------------------------
     0 | D:1      | 7w4c the Human Wanderer began the quest for the Orb.
     0 | D:1      | 7w4c set off with the following items: a +2 sling, a +0
                  | cloak, a scroll of fog, a +0 leather armour; and the
                  | following spell memorised: Sandblast; and the following
                  | spells available to memorise: Stone Arrow.
     0 | D:1      | Reached XP level 1. HP: 15/15 MP: 3/3
   167 | D:1      | Reached XP level 2. HP: 21/21 MP: 0/5
   384 | D:1      | HP: 1/21 [frozen (2)]
   384 | D:1      | Slain by a hobgoblin

Illustrated notes

Levels and vault maps discovered:
D:1:      minmay_arrival_checkered_box, layout_loops_ring, kennysheep_boxes

Action                     || total
---------------------------++-------
   Fire: Sling             ||    19
   Cast: Sandblast         ||    15
    Use: Scroll            ||     1
 Armour: Leather armour    ||    19
  Dodge: Dodged            ||    30
